Map: Neon Violet Square LE

Players

TheNarnian - Winner!

  • Race: Terran Terran
  • League: Platinum
  • Spawn Location: 5:00

Juxtapose

  • Race: Protoss Protoss
  • League: Platinum
  • Spawn Location: 11:00

VOD

https://youtu.be/uuA4OUqBwUs

Description

When I saw the lack of a Command Centre in the natural and scouted the early second Barracks, I assumed an early rush but was obviously wrong.

What I should have done then was macro proper instead of trying to press with aggression of my own.

I'm disappointed at myself in this game, but at least I got to have fun with Dark Templar.

Time

  • Played on: Jan. 11, 2018, 7:22 p.m.
  • Length: 18:31
Show
View Real Time Build Order
Export as new Build Order

TheNarnian Terran - Winner!

Build Orders:  

Get SALT Encoding   

  12  0:01  SCV  
  13  0:13  SCV  
  14  0:20  Supply Depot  
  14  0:25  SCV  
  15  0:34  Refinery  
  15  0:41  SCV  
  15  0:42  Refinery  
  16  0:55  Barracks  
  16  1:01  SCV  
  17  1:14  SCV  
  18  1:28  Barracks  
  18  1:37  SCV  
  19  1:43  Marine  
  20  1:49  Orbital Command  
  20  1:55  Supply Depot  
  20  2:09  Barracks Tech Lab  
  20  2:25  Barracks Reactor  
  20  2:28  Supply Depot  
  20  2:31  Factory  
  20  2:37  Marauder  
  20  2:41  Concussive Shells  
  22  2:45  SCV  
  23  2:57  SCV  
  24  2:59  Marauder  
  24  3:00  Supply Depot  
  26  3:07  Marine  
  26  3:09  SCV  
  26  3:10  Marine  
  29  3:20  Factory Tech Lab  
  29  3:24  Stimpack  
  29  3:30  Starport  
  29  3:32  SCV  
  30  3:39  Marauder  
  32  3:42  Marine  
  32  3:45  Marine  
  34  3:49  SCV  
  35  3:59  Siege Tank  
  35  4:01  SCV  
  39  4:08  Marauder  
  39  4:09  Starport Reactor  
  41  4:11  Marine  
  41  4:13  Marine  
  43  4:29  Marine  
  43  4:30  Marine, Marauder  
  47  4:32  Supply Depot  
  47  4:41  Supply Depot  
  47  4:54  Marine x2, Medivac, Marauder  
  47  4:59  Medivac  
  55  5:06  Supply Depot  
  54  5:15  Marine x2  
  54  5:16  Marauder  
  58  5:24  Medivac  
  60  5:29  Medivac  
  60  5:34  Barracks  
  62  5:44  Supply Depot  
  62  5:56  Marauder  
  64  5:57  Marine x2  
  66  6:13  Supply Depot  
  66  6:15  Marine  
  66  6:17  Marauder  
  69  6:34  Siege Tank  
  66  6:44  Marine x2, Marauder  
  70  6:57  Barracks Tech Lab  
  70  7:02  Marine  
  70  7:06  Siege Tank, Barracks  
  74  7:12  Supply Depot  
  74  7:13  Medivac x2  
  78  7:34  Marine x2, Marauder x2  
  84  7:39  Widow Mine  
  86  8:01  Supply Depot  
  86  8:04  Barracks Tech Lab  
  86  8:10  Supply Depot  
  86  8:23  Marine  
  87  8:31  Marine, Marauder  
  87  8:32  Marine, Marauder  
  93  8:37  Supply Depot  
  93  8:41  Marine  
  94  8:46  Supply Depot  
  94  8:50  Siege Tank  
  64  9:38  Engineering Bay  
  66  9:45  Marine, Marauder  
  66  9:46  Marine x3  
  66  9:47  Starport Tech Lab  
  70  10:03  Marine x2  
  70  10:04  Marine x2  
  70  10:06  Marine  
  75  10:21  Marine x2  
  75  10:22  Marauder  
  79  10:28  Missile Turret  
  79  10:37  Raven  
  81  11:00  Marauder  
  81  11:01  Marine x3  
  81  11:02  Marine  
  86  11:19  Marine  
  87  11:31  Marauder  
  91  11:32  Marine, Marauder  
  91  11:33  Marine  
  93  12:13  Marauder  
  93  12:14  Marauder  
  97  12:28  Command Center  
  72  13:16  Marine x3, Marauder  
  64  13:47  Raven  
  63  14:06  Marine, Marauder  
  64  14:32  Missile Turret  
  64  14:59  SCV  
  65  15:12  SCV  
  66  15:34  SCV  
  67  15:37  Marauder  
  69  16:24  Marauder  
  69  16:25  Marauder  
  73  16:26  Marine x2  
  73  16:29  Marauder  
  73  16:30  Siege Tank  
  80  16:37  Medivac  
  82  16:45  Marine  
  82  16:46  Marine x2, Marauder  
  86  17:02  Siege Tank  
  86  17:05  Marine x3, Marauder  
  94  17:21  Marauder  
  96  17:23  Marine x2  
  98  17:34  Siege Tank  
  98  17:36  Marauder  
  103  17:37  Marauder  
  103  17:38  Refinery  
  103  17:40  Marine  
  108  17:51  Marauder  
  110  18:12  Refinery  
Show
View Real Time Build Order
Export as new Build Order

Juxtapose Protoss 

Build Orders:  

Get SALT Encoding   

  12  0:01  Probe  
  13  0:13  Probe  
  14  0:20  Pylon  
  14  0:25  Probe  
  15  0:38  Probe  
  15  0:40  Gateway  
  16  0:50  Probe  
  16  0:51  Assimilator  
  17  1:01  Pylon  
  17  1:02  Probe  
  18  1:14  Probe  
  19  1:26  Probe  
  19  1:29  Cybernetics Core  
  20  1:38  Probe  
  21  1:46  Assimilator  
  21  1:49  Pylon  
  21  1:50  Probe  
  22  1:56  Gateway  
  22  2:01  Zealot (Chrono Boost)  
  22  2:02  Probe  
  25  2:10  Warp Gate  
  25  2:21  Robotics Facility  
  25  2:25  Adept (Chrono Boost)  
  29  2:51  Adept (Chrono Boost)  
  29  2:57  Adept (Chrono Boost)  
  31  3:02  Gateway  
  31  3:08  Pylon  
  31  3:10  Observer  
  32  3:16  Stalker (Chrono Boost)  
  34  3:30  Forge  
  34  3:33  Immortal  
  38  3:40  Stalker  
  40  3:52  Zealot  
  42  4:12  Immortal  
  46  4:19  Pylon  
  46  4:24  Photon Cannon  
  46  4:51  Immortal  
  50  5:01  Adept  
  50  5:02  Adept  
  54  5:32  Nexus  
  54  5:37  Pylon  
  54  5:40  Pylon  
  54  5:55  Warp Prism (Chrono Boost)  
  56  6:11  Twilight Council  
  56  6:15  Stalker  
  56  6:16  Stalker  
  60  6:21  Probe  
  61  6:33  Probe  
  56  6:54  Dark Shrine  
  56  7:03  Probe x2  
  56  7:07  Pylon  
  58  7:15  Probe  
  58  7:16  Probe  
  60  7:38  Zealot x2  
  60  7:39  Zealot  
  50  7:57  Probe  
  51  8:03  Warp Prism (Chrono Boost)  
  51  8:04  Charge  
  51  8:09  Probe  
  51  8:12  Dark Templar x2  
  58  8:20  Dark Templar  
  60  8:32  Immortal  
  64  8:35  Gateway  
  64  8:48  Probe  
  64  8:49  Photon Cannon  
  64  8:52  Assimilator  
  64  8:53  Dark Templar  
  67  8:57  Assimilator  
  67  9:00  Probe  
  54  9:10  Dark Templar x2  
  54  9:11  Immortal  
  36  9:33  Probe  
  36  9:36  Probe  
  38  9:45  Probe  
  38  9:48  Probe  
  38  9:51  Blink  
  40  9:57  Probe  
  41  10:00  Probe  
  42  10:10  Probe  
  42  10:13  Probe  
  44  10:14  Stalker x3  
  44  10:15  Stalker  
  52  10:39  Probe  
  52  10:41  Probe  
  54  10:44  Photon Cannon  
  53  10:52  Observer, Probe  
  53  10:53  Probe  
  56  11:04  Probe  
  57  11:05  Zealot  
  57  11:06  Probe, Zealot x2  
  57  11:09  Zealot  
  66  11:13  Observer  
  59  11:29  Robotics Bay  
  59  11:31  Probe  
  60  11:35  Protoss Ground Weapons Level 1  
  60  11:47  Stalker x2  
  60  11:51  Pylon  
  64  12:15  Nexus  
  64  12:16  Immortal  
  68  12:22  Zealot  
  68  12:23  Zealot  
  68  12:25  Zealot  
  74  12:51  Zealot x3  
  71  12:52  Dark Templar  
  19  13:15  Dark Templar x3  
  15  13:38  Dark Templar  
  17  13:50  Dark Templar  
  19  14:06  Stalker  
  19  14:20  Probe x2  
  21  14:32  Probe  
  21  14:37  Probe  
  23  14:44  Probe  
  24  14:51  Probe  
  25  14:56  Probe  
  26  15:06  Probe (Chrono Boost)  
  27  15:11  Pylon  
  26  15:18  Probe (Chrono Boost)  
  27  15:25  Probe (Chrono Boost)  
  28  15:29  Pylon  
  28  15:32  Pylon  
  28  15:34  Probe x2  
  30  15:43  Assimilator  
  30  15:46  Assimilator  
  30  15:50  Probe x2  
  32  16:12  Nexus  
  32  16:34  Probe  
  32  16:38  Photon Cannon  
  33  16:42  Extended Thermal Lance  
  33  16:46  Probe  
  34  16:51  Robotics Facility  
  32  17:08  Stalker x3  
  31  17:11  Stalker  
  14  17:33  Dark Templar  
  16  17:37  Probe  
  17  18:03  Probe  
  18  18:15  Probe  
Tags
 
Add a new tag
Caveats
  • Supply blocks, unpowered buildings, or Contaminate may cause inaccurate times.
  • Supply counts are checked every 10 seconds.